 Dungeon Crawl Stone Soup version 0.19.0-19-g8c6edcc (webtiles) character file.

1655 Monsterracer the Basher (level 8, 0/96 HPs)
             Began as a Minotaur Berserker on Nov 12, 2016.
             Was an Elder of Trog.
             Slain by a yak (12 damage)
             ... on level 5 of the Dungeon.
             The game lasted 00:07:36 (3636 turns).

Monsterracer the Basher (Minotaur Berserker)        Turns: 3636, Time: 00:07:37

Health: 0/96       AC:  8    Str: 28    XL:     8   Next: 68%
Magic:  7/7        EV: 12    Int:  4    God:    Trog [****..]
Gold:   77         SH:  0    Dex: 11    Spells: 0 memorised, 7 levels left

rFire  + . .     SeeInvis .     a - +0 mace
rCold  . . .     Gourm    .     r - +3 leather armour {rF+}
rNeg   . . .     Faith    +     (no shield)
rPois  .         Spirit   .     (helmet unavailable)
rElec  .         Reflect  .     (no cloak)
rCorr  .         Harm     .     l - +1 pair of gloves
MR     +....                    (no boots)
Stlth  ..........               i - amulet of faith
                                (no ring)
                                (no ring)

@: berserking, very quick
A: retaliatory headbutt, horns 3, magic resistance 1, MP-powered wands
a: Berserk, Trog's Hand, Brothers in Arms, Burn Spellbooks, Renounce Religion


You were on level 5 of the Dungeon.
You worshipped Trog.
Trog was greatly pleased with you.
You were near starving.

You visited 1 branch of the dungeon, and saw 5 of its levels.

You collected 247 gold pieces.
You spent 170 gold pieces at shops.

Inventory:

Hand Weapons
 a - a +0 mace (weapon)
Armour
 l - a +1 pair of gloves (worn)
 r - a +3 leather armour of fire resistance (worn)
Jewellery
 i - an amulet of faith (around neck)
Wands
 q - a wand of teleportation (9/9)
Scrolls
 e - 6 scrolls of identify
 g - 6 scrolls of remove curse
 j - a scroll of magic mapping
 o - a scroll of recharging
 s - a scroll of teleportation
Potions
 b - a potion of brilliance
 h - a potion of haste
 m - a potion of flight
 n - 3 potions of curing
Comestibles
 c - 3 bread rations
 d - 4 beef jerkies
 f - 3 meat rations
 k - 4 fruits


   Skills:
 - Level 3.6 Fighting
 + Level 13.2 Maces & Flails
 - Level 2.4 Armour
 - Level 2.1 Dodging


You had 7 spell levels left.
You didn't know any spells.

Dungeon Overview and Level Annotations

Branches:
Dungeon (5/15)
 Temple: D:4-7

Altars:

Shops:
D:4 ?


Innate Abilities, Weirdness & Mutations

You reflexively headbutt those who attack you in melee.
You have a pair of large horns on your head.
You are resistant to hostile enchantments. (MR+)
You expend magic power (3 MP) to strengthen your wands.


Message History

A red film seems to cover your vision as you go berserk!
You feel yourself moving faster!
You feel mighty!
You are near starving!
The yak gores you but does no damage. The yak gores you!
* * * LOW HITPOINT WARNING * * *
You thump the yak! You headbutt the yak!
The yak is severely wounded.
You sock the yak! Your headbutt misses the yak.
The yak is severely wounded.
The yak gores you.
* * * LOW HITPOINT WARNING * * *
The yak barely misses you. You furiously retaliate!
You headbutt the yak! You thump the yak!
You kill the yak!
Trog accepts your kill.
Your Maces & Flails skill increases to level 13!
You sock the yak!
The yak is severely wounded.
The yak gores you!
You die...

####.#######
................
................
.##
####.#######....
?.# #.# #.<..
..# #)# #... #!#
#)# ..Y #.#
####.# #Y###.#
.....# #.@...#
###### #####.#
#.#
######.########
#.............#
#.#.##.##.###.#
#. #.##.# #.#
#.##..#.# #.#
#.#...#.# #.#


You could see 2 yaks.

Vanquished Creatures
  Grinder (D:4)
  Sigmund (D:4)
  2 yaks (D:5)
  Eustachio (D:4)
  Menkaure (D:4)
  Purgy (D:3)
  A phantom (D:5)
  A centaur (D:5)
  Blork the orc (D:4)
  A howler monkey (D:4)
  A jelly (D:5)
  2 orc wizards
  A centaur skeleton (D:4)
  Natasha (thrice) (D:4)
  A gnoll (D:2)
  A howler monkey skeleton (D:5)
  9 adders
  6 worms
  A dart slug (D:2)
  A leopard gecko (D:2)
  11 orcs
  2 ball pythons
  13 bats
  4 giant cockroaches
  5 goblins
  6 hobgoblins
  2 jackals (D:1)
  3 quokkas
  6 frilled lizards
  A giant cockroach zombie (D:5)
  A jackal skeleton (D:4)
  6 kobolds
  12 rats
109 creatures vanquished.

Notes
Turn   | Place    | Note
-------+----------+-------------------------------------------
     0 | D:1      | Monsterracer the Minotaur Berserker began the quest for the Orb.
     0 | D:1      | Reached XP level 1. HP: 19/19 MP: 0/0
    52 | D:1      | Reached skill level 4 in Maces & Flails
    71 | D:1      | Reached XP level 2. HP: 14/26 MP: 1/1
   494 | D:1      | Gained mutation: You are resistant to hostile enchantments. (MR+) [potion of mutation]
   494 | D:1      | Gained mutation: You expend magic power (3 MP) to strengthen your wands. [potion of mutation]
   494 | D:1      | Gained mutation: You have a pair of large horns on your head. [potion of mutation]
   875 | D:2      | Reached skill level 5 in Maces & Flails
   875 | D:2      | Reached XP level 3. HP: 31/31 MP: 2/2
   935 | D:2      | Reached ** piety under Trog
  1175 | D:2      | Reached XP level 4. HP: 22/39 MP: 3/3
  1202 | D:2      | Reached skill level 6 in Maces & Flails
  1876 | D:3      | Noticed Purgy
  1882 | D:3      | Killed Purgy
  1882 | D:3      | Reached skill level 7 in Maces & Flails
  1882 | D:3      | Reached XP level 5. HP: 43/45 MP: 4/4
  1990 | D:3      | Reached *** piety under Trog
  2343 | D:4      | Noticed Grinder
  2348 | D:4      | Killed Grinder
  2348 | D:4      | Reached skill level 9 in Maces & Flails
  2348 | D:4      | Reached XP level 6. HP: 51/51 MP: 5/5
  2393 | D:4      | Noticed Natasha
  2399 | D:4      | Killed Natasha
  2451 | D:4      | Noticed Menkaure
  2451 | D:4      | Noticed Sigmund
  2458 | D:4      | Killed Menkaure
  2458 | D:4      | Reached skill level 10 in Maces & Flails
  2458 | D:4      | Reached XP level 7. HP: 41/57 MP: 6/6
  2461 | D:4      | Killed Sigmund
  2586 | D:4      | Noticed Eustachio
  2603 | D:4      | Killed Eustachio
  2603 | D:4      | Reached skill level 11 in Maces & Flails
  2622 | D:4      | Noticed Natasha
  2623 | D:4      | Found Ebipp's Magic Scroll Emporium.
  2628 | D:4      | Killed Natasha
  2658 | D:4      | Bought a scroll of remove curse for 30 gold pieces
  2658 | D:4      | Bought a scroll of identify for 20 gold pieces
  2658 | D:4      | Bought a scroll of remove curse for 30 gold pieces
  2658 | D:4      | Bought a scroll of identify for 20 gold pieces
  2658 | D:4      | Bought a scroll of identify for 20 gold pieces
  2658 | D:4      | Bought a scroll of identify for 20 gold pieces
  2658 | D:4      | Bought a scroll of teleportation for 30 gold pieces
  2683 | D:4      | Noticed Blork the orc
  2684 | D:4      | Noticed Natasha
  2690 | D:4      | Killed Natasha
  2699 | D:4      | Killed Blork the orc
  2699 | D:4      | Reached XP level 8. HP: 49/64 MP: 7/7
  2817 | D:4      | Reached **** piety under Trog
  2997 | D:5      | Entered Level 5 of the Dungeon
  3112 | D:5      | Reached skill level 12 in Maces & Flails
  3635 | D:5      | Reached skill level 13 in Maces & Flails
  3636 | D:5      | Slain by a yak

Skill      XL: |  1  2  3  4  5  6  7  8 |
---------------+-------------------------+-----
Maces & Flails | 4 5 7 9 10 11 13 | 13.2
Fighting       | |  3.6
Armour         | |  2.4
Dodging        | |  2.1

Action                   |  1- 3 |  4- 6 |  7- 9 || total
-------------------------+-------+-------+-------++-------
Melee: Mace              |    76 |    98 |   132 ||   306
       Headbutt          |    12 |    14 |    30 ||    56
Invok: Berserk           |       |     3 |     2 ||     5
  Use: Potion            |     6 |     4 |       ||    10
       Scroll            |       |       |     7 ||     7
 Stab: Sleeping          |     2 |     1 |       ||     3
  Eat: Chunk             |     1 |     6 |     5 ||    12
Armor: Animal skin       |    21 |     4 |       ||    25
       Skin              |       |    19 |       ||    19
       Ring mail         |       |     6 |       ||     6
       Troll leather arm |       |    12 |     8 ||    20
       Leather armour    |       |       |    33 ||    33
Dodge: Dodged            |    42 |    62 |    58 ||   162
